Map: Automaton LE

Players

goblin

  • Race: Protoss Protoss
  • Spawn Location: 9:00

Zanster - Winner!

  • Race: Zerg Zerg
  • Spawn Location: 3:00

Event: 2019 WCS Spring

VOD

Have the link to the VOD?

Description

Time

  • Played on: May 17, 2019, 9:36 a.m.
  • Length: 4:06

All games in this series

Show
View Real Time Build Order
Export as new Build Order

goblin Protoss 

Build Orders: 1 Gate Expand 

Get SALT Encoding   

  12  0:00  Probe  
  13  0:12  Probe  
  14  0:19  Pylon  
  14  0:24  Probe  
  15  0:33  Probe  
  15  0:39  Gateway  
  15  0:41  Probe  
  16  0:47  Assimilator  
  17  0:51  Probe  
  18  1:03  Probe  
  19  1:19  Nexus  
  19  1:24  Probe  
  20  1:32  Cybernetics Core  
  20  1:36  Probe  
  21  1:41  Assimilator  
  21  1:48  Probe  
  21  1:50  Pylon  
  22  1:57  Probe  
  22  1:59  Stalker  
  23  2:06  Probe  
  23  2:15  Probe  
  26  2:16  Robotics Facility  
  26  2:21  Warp Gate  
  27  2:27  Probe  
  28  2:30  Probe  
  28  2:32  Adept  
  31  2:38  Probe  
  31  2:39  Probe  
  33  2:51  Probe  
  34  2:53  Probe  
  35  3:03  Probe  
  35  3:04  Sentry  
  36  3:05  Twilight Council  
  37  3:15  Gateway  
  35  3:27  Adept  
  35  3:30  Probe x2  
  35  3:33  Pylon  
  32  3:40  Shield Battery  
  32  3:41  Shield Battery  
Show
View Real Time Build Order
Export as new Build Order

Zanster Zerg - Winner!

Build Orders: Hatch First 

Get SALT Encoding   

  12  0:00  Drone  
  13  0:13  Overlord  
  13  0:18  Drone  
  14  0:32  Drone x2  
  16  0:50  Hatchery  
  16  0:52  Drone  
  16  0:56  Drone  
  17  0:59  Drone  
  17  1:02  Extractor  
  17  1:17  Spawning Pool  
  16  1:19  Drone  
  16  1:22  Drone  
  18  1:28  Drone  
  19  1:40  Overlord  
  19  2:03  Metabolic Boost  
  19  2:04  Zergling x2  
  19  2:05  Zergling x4  
  19  2:06  Queen  
  24  2:12  Zergling x2  
  24  2:13  Zergling x2  
  26  2:17  Queen  
  28  2:25  Zergling x4  
  30  2:34  Zergling x2  
  30  2:35  Zergling x2  
  32  2:45  Overlord  
  32  2:50  Zergling x2  
  33  2:55  Zergling x2  
  33  2:57  Overlord  
  33  3:19  Zergling x12  
  36  3:30  Zergling x8  
  36  3:33  Zergling x2  
  40  3:38  Zergling x2  
  39  3:44  Zergling x2  
  39  3:45  Zergling x2  
  42  3:56  Hatchery  
Tags
 
Add a new tag
Caveats
  • Supply blocks, unpowered buildings, or Contaminate may cause inaccurate times.
  • Supply counts are checked every 10 seconds.